NCAA
ILLINOIS FIGHTING ILLINI @ KANSAS STATE WILDCATS
05/25/2027
 
TOP OF THE 1ST
Illinois Fighting Illini batting - Pitching for Kansas State Wildcats : LHP Germán Sánchez
Pitching: LHP Germán Sánchez
Batting: RHB Chris Carr 0-0: Ball
1-0: Ball
2-0: Ball
3-0: Base on Balls
Batting: RHB Alfonso Reyes 0-0: Called Strike
0-1: Ball
1-1: Ball
2-1: Fly out, F7 (Line Drive, 7LM)
Batting: RHB Benoît Vigneault 0-0: Called Strike
0-1: Ball
1-1: Grounds into double play, 4-6-3 (Groundball, 4)
Top of the 1st over - 0 run(s), 0 hit(s), 0 error(s), 0 left on base; Illinois 0 - Kansas State 0
BOTTOM OF THE 1ST
Kansas State Wildcats batting - Pitching for Illinois Fighting Illini : RHP Artie Smith
Pitching: RHP Artie Smith
Batting: SHB Joaquín Mercado 0-0: Swinging Strike
0-1: Foul Ball, location: 2F
0-2: Strikes out looking
Batting: RHB River Cunningham 0-0: Called Strike
0-1: SINGLE (Groundball, 6MD)
Batting: LHB José Peralta 0-0: Single, Error in OF, E7, batter to second base
River Cunningham to third
Batting: RHB Steve Johnson 0-0: SINGLE (Line Drive, 4D)
River Cunningham scores
José Peralta to third
Batting: RHB José Valdés 0-0: Called Strike
0-1: Called Strike
0-2: Strikes out looking
Batting: RHB Armando García 0-0: Ball
1-0: Called Strike
1-1: Foul Ball, location: 2F
1-2: Strikes out swinging
Bottom of the 1st over - 1 run(s), 3 hit(s), 1 error(s), 2 left on base; Illinois 0 - Kansas State 1
TOP OF THE 2ND
Illinois Fighting Illini batting - Pitching for Kansas State Wildcats : LHP Germán Sánchez
Batting: LHB John Miller 0-0: Called Strike
0-1: Foul Ball, location: 2F
0-2: Strikes out swinging
Batting: RHB Jesús Vélez 0-0: Called Strike
0-1: Ball
1-1: Ball
2-1: Ball
3-1: Foul Ball, location: 2F
3-2: Foul Ball, location: 2F
3-2: Strikes out swinging
Batting: SHB Robbie Robertson 0-0: Foul Ball, location: 2F
0-1: Ball
1-1: Ground out 6-3 (Groundball, 6)
Top of the 2nd over - 0 run(s), 0 hit(s), 0 error(s), 0 left on base; Illinois 0 - Kansas State 1
BOTTOM OF THE 2ND
Kansas State Wildcats batting - Pitching for Illinois Fighting Illini : RHP Artie Smith
Batting: RHB Roy Powell 0-0: Foul Ball, location: 2F
0-1: Ball
1-1: Called Strike
1-2: SINGLE (Line Drive, 7LM)
Batting: RHB Vincent Abrams 0-0: Called Strike
0-1: Foul Ball, location: 2F
0-2: Ball
1-2: Ball
2-2: Foul Ball, location: 2F
2-2: Foul Ball, location: 2F
2-2: Ball
3-2: Base on Balls
Roy Powell to second
Batting: SHB Andrés Zamora 0-0: Swinging Strike
0-1: Ball
1-1: Foul Ball, location: 2F
1-2: Grounds into double play, 4-6-3 (Groundball, 34)
Roy Powell to third
Batting: SHB Joaquín Mercado 0-0: Foul Ball, location: 2F
0-1: Foul Ball, location: 2F
0-2: Foul Ball, location: 2F
0-2: Strikes out looking
Bottom of the 2nd over - 0 run(s), 1 hit(s), 0 error(s), 1 left on base; Illinois 0 - Kansas State 1
TOP OF THE 3RD
Illinois Fighting Illini batting - Pitching for Kansas State Wildcats : LHP Germán Sánchez
Batting: RHB Alonso Durán 0-0: Called Strike
0-1: DOUBLE (Groundball, 5L)
Batting: RHB Jon Foster 0-0: Called Strike
0-1: Called Strike
0-2: Ball
1-2: Foul Ball, location: 2F
1-2: Ball
2-2: Strikes out looking
Batting: RHB Fernando Núñez 0-0: Swinging Strike
0-1: Called Strike
0-2: Ball
1-2: Ball
2-2: Strikes out swinging
Batting: RHB Chris Carr 0-0: Ball
1-0: Called Strike
1-1: Swinging Strike
1-2: Strikes out swinging
Top of the 3rd over - 0 run(s), 1 hit(s), 0 error(s), 1 left on base; Illinois 0 - Kansas State 1
BOTTOM OF THE 3RD
Kansas State Wildcats batting - Pitching for Illinois Fighting Illini : RHP Artie Smith
Batting: RHB River Cunningham 0-0: Called Strike
0-1: SINGLE (Line Drive, 8LS)
Batting: LHB José Peralta 0-0: Ball
1-0: Ball
2-0: Ball
3-0: Called Strike
3-1: Foul Ball, location: 2F
3-2: Strikes out swinging
Batting: RHB Steve Johnson 0-0: Foul Ball, location: 2F
0-1: SINGLE (Flyball, 78S)
River Cunningham to second
Batting: RHB José Valdés 0-0: Fly out, F9 (Flyball, 9LSF)
Batting: RHB Armando García 0-0: 3-RUN HOME RUN (Flyball, 7LD), Distance : 317 ft
Batting: RHB Roy Powell 0-0: Called Strike
0-1: Called Strike
0-2: Ball
1-2: Ball
2-2: Foul Ball, location: 2F
2-2: Ground out 6-3 (Groundball, 6)
Bottom of the 3rd over - 3 run(s), 3 hit(s), 0 error(s), 0 left on base; Illinois 0 - Kansas State 4
TOP OF THE 4TH
Illinois Fighting Illini batting - Pitching for Kansas State Wildcats : LHP Germán Sánchez
Batting: RHB Alfonso Reyes 0-0: Foul Ball, location: 2F
0-1: Ball
1-1: Swinging Strike
1-2: Ball
2-2: Ball
3-2: Base on Balls
Batting: RHB Benoît Vigneault 0-0: Ball
1-0: Swinging Strike
1-1: Called Strike
1-2: SINGLE (Groundball, 56D)
Alfonso Reyes to second
Batting: LHB John Miller 0-0: Called Strike
0-1: Foul Ball, location: 2F
0-2: Foul Ball, location: 2F
0-2: Fly out, F8 (Flyball, 89XD)
Runner from 2nd tags up, SAFE at 3rd, no throw
Batting: RHB Jesús Vélez 0-0: Called Strike
0-1: Ball
1-1: Swinging Strike
1-2: Foul Ball, location: 2F
1-2: Strikes out swinging
Batting: SHB Robbie Robertson 0-0: Ball
1-0: Fly out, F8 (Flyball, 8LM)
Top of the 4th over - 0 run(s), 1 hit(s), 0 error(s), 2 left on base; Illinois 0 - Kansas State 4
BOTTOM OF THE 4TH
Kansas State Wildcats batting - Pitching for Illinois Fighting Illini : RHP Artie Smith
Batting: RHB Vincent Abrams 0-0: Ball
1-0: Foul Ball, location: 2F
1-1: Foul Ball, location: 2F
1-2: Foul Ball, location: 2F
1-2: Ball
2-2: Strikes out swinging
Batting: SHB Andrés Zamora 0-0: Foul Ball, location: 2F
0-1: Ball
1-1: Ball
2-1: Reached on error, E6 (Groundball, 6)
Batting: SHB Joaquín Mercado 0-0: Ball
1-0: Fly out, F7 (Flyball, 7S)
Batting: RHB River Cunningham 0-0: Ball
1-0: Ball
2-0: DOUBLE (Line Drive, 7LD)
Andrés Zamora to third
Runner from 3rd tries for Home, SAFE, no throw
Batting: LHB José Peralta 0-0: Ball
1-0: Ball
2-0: Ball
3-0: Called Strike
3-1: Ground out 4-3 (Groundball, 4)
Bottom of the 4th over - 1 run(s), 1 hit(s), 1 error(s), 1 left on base; Illinois 0 - Kansas State 5
TOP OF THE 5TH
Illinois Fighting Illini batting - Pitching for Kansas State Wildcats : LHP Germán Sánchez
Batting: RHB Alonso Durán 0-0: Called Strike
0-1: Ground out 5-3 (Groundball, 56)
Batting: RHB Jon Foster 0-0: Ball
1-0: Ball
2-0: Ball
3-0: Called Strike
3-1: Foul Ball, location: 2F
3-2: Strikes out swinging
Batting: RHB Fernando Núñez 0-0: Called Strike
0-1: Ball
1-1: Ball
2-1: Ball
3-1: SINGLE (Line Drive, 7LS)
Batting: RHB Chris Carr 0-0: SINGLE (Line Drive, 6)
Fernando Núñez to second
Batting: RHB Alfonso Reyes 0-0: Ball
1-0: Swinging Strike
1-1: Called Strike
1-2: Ball
2-2: Foul Ball, location: 2F
2-2: Fielders Choice at 2nd, 6-4 (Groundball, 6)
Top of the 5th over - 0 run(s), 2 hit(s), 0 error(s), 1 left on base; Illinois 0 - Kansas State 5
BOTTOM OF THE 5TH
Kansas State Wildcats batting - Pitching for Illinois Fighting Illini : RHP Artie Smith
Batting: RHB Steve Johnson 0-0: Ball
1-0: Foul Ball, location: 2F
1-1: SINGLE (Line Drive, 7S)
Batting: RHB José Valdés 0-0: Fly out, F9 (Line Drive, 9)
Batting: RHB Armando García 0-0: Ball
1-0: Foul Ball, location: 2F
1-1: Foul Ball, location: 2F
1-2: Ball
2-2: Foul Ball, location: 2F
2-2: SINGLE (Line Drive, 6MD)
Steve Johnson to second
Runner from 2nd tries for 3rd, SAFE, no throw
Pitching: RHP Jim Dudley
Batting: RHB Roy Powell 0-0: Ball
1-0: Ball
2-0: Ball
3-0: Base on Balls
Armando García to second
Batting: RHB Vincent Abrams 0-0: Called Strike
0-1: Foul Ball, location: 2F
0-2: Strikes out swinging
Batting: SHB Andrés Zamora 0-0: Called Strike
0-1: Ground out 4-3 (Groundball, 4M)
Bottom of the 5th over - 0 run(s), 2 hit(s), 0 error(s), 3 left on base; Illinois 0 - Kansas State 5
TOP OF THE 6TH
Illinois Fighting Illini batting - Pitching for Kansas State Wildcats : LHP Germán Sánchez
Pitching: LHP James Montgomery
Batting: RHB Benoît Vigneault 0-0: Foul Ball, location: 2F
0-1: Foul Ball, location: 2F
0-2: Ball
1-2: Fly out, F9 (Flyball, 9)
Batting: LHB John Miller 0-0: Called Strike
0-1: Swinging Strike
0-2: Foul Ball, location: 2F
0-2: Ball
1-2: Ball
2-2: Ball
3-2: Foul Ball, location: 2F
3-2: Strikes out looking
Batting: RHB Jesús Vélez 0-0: Swinging Strike
0-1: Foul Ball, location: 2F
0-2: Foul Ball, location: 2F
0-2: Ball
1-2: Ball
2-2: Ground out 4-3 (Groundball, 4)
Top of the 6th over - 0 run(s), 0 hit(s), 0 error(s), 0 left on base; Illinois 0 - Kansas State 5
BOTTOM OF THE 6TH
Kansas State Wildcats batting - Pitching for Illinois Fighting Illini : RHP Jim Dudley
Batting: SHB Joaquín Mercado 0-0: Called Strike
0-1: Hit by Pitch
Batting: RHB River Cunningham 0-0: Ball
1-0: Ball
2-0: Called Strike
2-1: Ball
3-1: Base on Balls
Joaquín Mercado to second
Batting: LHB José Peralta 0-0: Ball
Joaquín Mercado is caught stealing 3rd base
River Cunningham to second
1-0: 2-RUN HOME RUN (Flyball, 9LD), Distance : 331 ft
Batting: RHB Steve Johnson 0-0: DOUBLE (Line Drive, 9LS)
Batting: RHB José Valdés 0-0: Ball
1-0: Called Strike
1-1: Ball
2-1: Called Strike
2-2: Foul Ball, location: 2F
2-2: Strikes out swinging
Batting: RHB Armando García 0-0: Ball
1-0: TRIPLE (Flyball, 9LS)
Steve Johnson scores
Pitching: RHP Ken Simms
Batting: RHB Roy Powell 0-0: Fly out, F7 (Flyball, 7LS)
Bottom of the 6th over - 3 run(s), 3 hit(s), 0 error(s), 1 left on base; Illinois 0 - Kansas State 8
TOP OF THE 7TH
Illinois Fighting Illini batting - Pitching for Kansas State Wildcats : LHP James Montgomery
Batting: SHB Robbie Robertson 0-0: Swinging Strike
0-1: Foul Ball, location: 2F
0-2: Ball
1-2: Strikes out swinging
Batting: RHB Alonso Durán 0-0: Ball
1-0: Ball
2-0: Swinging Strike
2-1: Ball
3-1: Foul Ball, location: 2F
3-2: Base on Balls
Batting: RHB Jon Foster 0-0: Foul Ball, location: 2F
0-1: Ball
1-1: Ball
2-1: Foul Ball, location: 2F
2-2: Strikes out looking
Batting: RHB Fernando Núñez 0-0: Ball
1-0: Called Strike
1-1: Fielders Choice at 2nd, 5-4 (Groundball, 5L)
Top of the 7th over - 0 run(s), 0 hit(s), 0 error(s), 0 left on base; Illinois 0 - Kansas State 8
BOTTOM OF THE 7TH
Kansas State Wildcats batting - Pitching for Illinois Fighting Illini : RHP Ken Simms
Batting: RHB Vincent Abrams 0-0: Ball
1-0: Ball
2-0: Called Strike
2-1: Ball
3-1: Base on Balls
Batting: SHB Andrés Zamora 0-0: Ball
1-0: Foul Ball, location: 2F
1-1: Called Strike
1-2: Strikes out swinging
Batting: SHB Joaquín Mercado 0-0: Swinging Strike
0-1: Ball
1-1: Ball
2-1: Swinging Strike
2-2: Strikes out swinging
Batting: RHB River Cunningham 0-0: Called Strike
0-1: Swinging Strike
0-2: Strikes out swinging
Bottom of the 7th over - 0 run(s), 0 hit(s), 0 error(s), 1 left on base; Illinois 0 - Kansas State 8
TOP OF THE 8TH
Illinois Fighting Illini batting - Pitching for Kansas State Wildcats : LHP James Montgomery
Batting: RHB Chris Carr 0-0: Called Strike
0-1: Swinging Strike
0-2: Ground out 6-3 (Groundball, 6D)
Batting: RHB Alfonso Reyes 0-0: Ball
1-0: Swinging Strike
1-1: Ball
2-1: Foul Ball, location: 2F
2-2: SINGLE (Groundball, 6MD)
Batting: RHB Benoît Vigneault 0-0: Called Strike
0-1: Foul Ball, location: 2F
0-2: Foul Ball, location: 2F
0-2: Ball
1-2: Ball
2-2: Fielders Choice at 2nd, 1-6 (Groundball, P)
Batting: LHB John Miller 0-0: Ground out 3-1 (Groundball, 34)
Top of the 8th over - 0 run(s), 1 hit(s), 0 error(s), 1 left on base; Illinois 0 - Kansas State 8
BOTTOM OF THE 8TH
Kansas State Wildcats batting - Pitching for Illinois Fighting Illini : RHP Ken Simms
Batting: LHB José Peralta 0-0: Swinging Strike
0-1: Called Strike
0-2: Ball
1-2: Ball
2-2: SINGLE (Groundball, 34D)
Batting: RHB Steve Johnson 0-0: Ball
1-0: Ball
2-0: Ball
3-0: Base on Balls
José Peralta to second
Batting: RHB José Valdés 0-0: Called Strike
0-1: SINGLE (Groundball, 56) (infield hit)
José Peralta to third
Steve Johnson to second
Batting: RHB Armando García 0-0: Ball
1-0: Swinging Strike
1-1: Ball
2-1: Ball
3-1: SINGLE (Line Drive, 6MD)
José Peralta scores
Steve Johnson to third
José Valdés to second
Batting: RHB Roy Powell 0-0: Ball
1-0: Ball
2-0: Swinging Strike
2-1: Foul Ball, location: 2F
2-2: Grounds into double play, 5-4-3 (Groundball, 56D)
Steve Johnson scores
José Valdés to third
Pinch Hitting: RHB Jody Stewart 0-0: Ball
1-0: Swinging Strike
1-1: Ball
2-1: Swinging Strike
2-2: Strikes out swinging
Bottom of the 8th over - 2 run(s), 3 hit(s), 0 error(s), 1 left on base; Illinois 0 - Kansas State 10
TOP OF THE 9TH
Illinois Fighting Illini batting - Pitching for Kansas State Wildcats : LHP James Montgomery
Pitching: RHP Roberto Colón
Now in LF: Jeff Moore
Batting: RHB Jesús Vélez 0-0: Swinging Strike
0-1: Called Strike
0-2: Ground out 4-3 (Groundball, 4)
Batting: SHB Robbie Robertson 0-0: Ball
1-0: Foul Ball, location: 2F
1-1: SINGLE (Flyball, 7S)
Batting: RHB Alonso Durán 0-0: Called Strike
0-1: Called Strike
0-2: SINGLE (Groundball, 56D)
Robbie Robertson to second
Batting: RHB Jon Foster 0-0: Ball
1-0: Foul Ball, location: 2F
1-1: Grounds into double play, 4-6-3 (Groundball, 34)
Top of the 9th over - 0 run(s), 2 hit(s), 0 error(s), 1 left on base; Illinois 0 - Kansas State 10
Thursday, March 30th, 2017 - OOTP Baseball 17.12 Build 75